 Dungeon Crawl Stone Soup version 0.27-a0-1193-g8631133539 (webtiles) character file.

Game seed: 1983453100716022520

6 Goblin1989 the Shield-Bearer (level 2, -3/25 HPs)
             Began as a Djinni Fighter on May 26, 2021.
             Frozen to death by an endoplasm (7 damage)
             ... on level 1 of the Dungeon.
             The game lasted 00:00:51 (113 turns).

Goblin1989 the Shield-Bearer (Djinni Fighter)        Turns: 113, Time: 00:00:51

Health: -3/25      AC:  6    Str: 15    XL:     2   Next: 0%
Gold:   0          EV:  6    Int:  9    God:
                   SH:  8    Dex: 12

rFire    + + .     SeeInvis +   a - +0 flail
rCold    x . .     Faith    .   c - +0 kite shield
rNeg     . . .     Spirit   .   b - +0 scale mail
rPois    ∞         Reflect  .   (no helmet)
rElec    .         Harm     .   (no cloak)
rCorr    .         Rampage  .   (no gloves)
Will     .....                  (boots unavailable)
Stlth    ..........             (no amulet)
HPRegen  0.08/turn              s - ring of see invisible
MPRegen  0.00/turn              (no ring)

@: flying
A: sickness immunity, fire resistance 2, cold vulnerability 1, float, innate
caster, hp casting, extra vitality 1
a: no special abilities


You were on level 1 of the Dungeon.
You visited 1 branch of the dungeon, and saw 1 of its levels.

Inventory:

Hand Weapons
 a - a +0 flail (weapon)
Armour
 b - a +0 scale mail (worn)
 c - a +0 kite shield (worn)
Jewellery
 s - a ring of see invisible (left hand)
Potions
 d - a potion of might {@q4}


   Skills:
 + Level 3.0 Fighting
 * Level 1.8 Maces & Flails
 + Level 3.0 Armour
 + Level 3.0 Shields


You had one spell level left.
You didn't know any spells.
Your spell library was empty.

Dungeon Overview and Level Annotations

Branches:
Dungeon (1/15)

Altars:


Innate Abilities, Weirdness & Mutations

You are immune to sickness and miasma.
You are immune to poison.
Your flesh is very heat resistant. (rF++)
You are vulnerable to cold. (rC-)
You float through the air rather than walking.
You learn spells naturally, not from books.
Your magical power is your life essence.
You have superior vitality. (+4 HP)


Message History

You block the quokka's attack.
You closely miss the quokka.
The quokka is almost dead.
The quokka bites you but does no damage.
The ball python barely misses you. You block the ball python's attack.
The quokka bites you but does no damage.
You sock the quokka!
You kill the quokka!
The ball python bites you but does no damage.
The ball python grabs you. The ball python constricts you.
The endoplasm hits you but does no damage.
The ball python bites you but does no damage.
The ball python constricts you. The endoplasm freezes you.
You are frozen.
You feel a terrible chill!
You take 6 damage, and have 14/20 hp.
MASSIVE DAMAGE!!
You hit the ball python.
The ball python is moderately wounded.
The ball python bites you. The ball python constricts you.
You block the endoplasm's attack.
The ball python bites you but does no damage.
The ball python constricts you.
You take 4 damage, and have 10/20 hp.
You are too injured to fight recklessly!
You are too injured to fight recklessly!
You are too injured to fight recklessly!
You are too injured to fight recklessly!
You are too injured to fight recklessly!
You are too injured to fight recklessly!
You are too injured to fight recklessly!
You are too injured to fight recklessly!
You are too injured to fight recklessly!
You are too injured to fight recklessly!
You are too injured to fight recklessly!
You are too injured to fight recklessly!
You are too injured to fight recklessly!
You are too injured to fight recklessly!
You are too injured to fight recklessly!
You are too injured to fight recklessly!
You are too injured to fight recklessly!
You are too injured to fight recklessly!
You are too injured to fight recklessly!
You are too injured to fight recklessly!
Unknown command.
You escape the ball python's grasp.
The ball python bites you.
* * * LOW HITPOINT WARNING * * *
You block the ball python's attack.
You take 1 damage, and have 9/20 hp.
The ball python barely misses you. The ball python grabs you.
* * * LOW HITPOINT WARNING * * *
The ball python constricts you. The endoplasm freezes you.
You are frozen.
You feel a terrible chill!
* * * LOW HITPOINT WARNING * * *
You take 7 damage, and have 3/20 hp.
MASSIVE DAMAGE!!
You escape the ball python's grasp.
The ball python bites you.
* * * LOW HITPOINT WARNING * * *
The ball python grabs you. The ball python constricts you.
The endoplasm jiggles.
You take 1 damage, and have 2/20 hp.
You escape the ball python's grasp.
Really fly into that dispersal trap?
You enter a dispersal trap!
The ball python blinks!
The endoplasm blinks!
You blink.
Unknown command.
There is a staircase leading out of the dungeon here.
You start resting.
An endoplasm is nearby!
The ball python enters a dispersal trap!
The endoplasm blinks!
You blink.
The ball python blinks!
There is an open door here.
There is a staircase leading out of the dungeon here.
The ball python bites you but does no damage.
You block the ball python's attack.
You closely miss the ball python.
The ball python bites you but does no damage.
The ball python grabs you.
* * * LOW HITPOINT WARNING * * *
The ball python constricts you.
You take 1 damage, and have 2/20 hp.
You closely miss the ball python.
The ball python bites you but does no damage.
The ball python constricts you.
The ball python bites you but does no damage.
The ball python constricts you.
You sock the ball python!
You kill the ball python!
You have reached level 2!
Unknown command.
Unknown command.
You hit the endoplasm but do no damage.
The endoplasm hits you but does no damage.
The endoplasm freezes you.
You are frozen!
You feel a terrible chill!
You die... ♣♣♣ █♣@♣█ █8J8█

██∆██ ██.█ █..█
█.██
███████████████.█
....██....§..§.^█
..........███████


You could see an endoplasm.

Vanquished Creatures
  A ball python (D:1)
  A hobgoblin (D:1)
  2 quokkas (D:1)
  A bat (D:1)
5 creatures vanquished.

Notes
Turn   | Place    | Note
-------+----------+-------------------------------------------
     0 | D:1      | Goblin1989 the Djinni Fighter began the quest for the Orb.
     0 | D:1      | Reached XP level 1. HP: 20/20 MP: 0/0
   112 | D:1      | Reached XP level 2. HP: 3/25 MP: 0/0
   113 | D:1      | Frozen to death by an endoplasm

Illustrated notes

Levels and vault maps discovered:
D:1:      saegor_arrival_simple_b, layout_rooms,
          hellmonk_ecumenical_altar_leap_of_faith, serial_shops,
          nicolae_shop_behind_doors

Action                   || total
-------------------------++-------
Melee: Flail             ||    15
Armor: Scale mail        ||    15
Dodge: Dodged            ||     4
Block: Kite shield       ||     9

Table legend: (Time is in decaauts)
 A = Elapsed time spent in this place.
 B = Non-inter-level travel time spent in this place.
 C = Inter-level travel time spent in this place.
 D = Time resting spent in this place.
 E = Time spent auto-exploring this place.
 F = Levels seen in this place.
 G = Mean time per level.
                   A        B        C        D        E       F      G
               +--------+--------+--------+--------+--------+-----+--------+
         Total |    120 |    120 |      0 |      4 |     46 |   1 |  120.0 |
       Dungeon |    120 |    120 |      0 |      4 |     46 |   1 |  120.0 |
               +--------+--------+--------+--------+--------+-----+--------+

Top non-repeatable levels by time:
     D:1: 120 daAuts
